 Dungeon Crawl Stone Soup version 0.31-a0-983-g7b6862f502 (webtiles) character file.

Game seed: 17727207099174168280

452 MachoJfn the Magician (level 7, -2/45 HPs)
             Began as a Djinni Hedge Wizard on Nov 1, 2023.
             Was a Believer of Wu Jian.
             Slain by a lemure (8 damage)
             ... led by Pikel
             ... on level 4 of the Dungeon on Nov 2, 2023.
             The game lasted 00:12:20 (2856 turns).

MachoJfn the Magician (Djinni Hedge Wizard)         Turns: 2856, Time: 00:12:21

Health: -2/45      AC:  4    Str:  9    XL:     7   Next: 25%
Gold:   201        EV: 13    Int: 24    God:    Wu Jian [**....] SH:  0 Dex: 12

rFire   + + +        f - +3 dagger (drain)
rCold   x . .        (no shield)
rNeg    + . .        o - +2 robe {rN+}
rPois   ∞            c - +0 hat
rElec   +            (no cloak)
rCorr   +            (no gloves)
SInv    .            (boots unavailable)
Will    .....        (no amulet)
Stlth   ++           b - ring of fire
HPRegen 0.27/turn    q - +6 ring of intelligence
MPRegen 0.00/turn

%: infuse magic (-3 HP)
@: resistant, on blink cooldown, flying, hasted, very quick
A: sickness immunity, fire resistance 2, cold vulnerability 1, float, innate
caster, HP casting, extra vitality 1
a: Renounce Religion, Wall Jump


You were on level 4 of the Dungeon.
You worshipped Wu Jian.
Wu Jian was pleased with you.
You visited 1 branch of the dungeon, and saw 4 of its levels.

You collected 201 gold pieces.

Inventory:

Hand Weapons
 f - a +3 dagger of draining (weapon)
Missiles
 d - 39 stones
 p - 5 atropa-tipped darts
Armour
 c - a +0 hat (worn)
 o - a +2 robe of positive energy (worn)
Jewellery
 b - a ring of fire (left hand)
 q - a +6 ring of intelligence (right hand)
Scrolls
 a - a scroll of blinking {unknown}
 e - a scroll of revelation {unknown}
 g - a scroll of teleportation {unknown}
 k - a scroll of noise {unknown}
 m - 2 scrolls of identify
 n - a scroll of butterflies {unknown}
Potions
 h - a potion of heal wounds {unknown}
 i - 2 potions of haste
 j - a potion of attraction {unknown}
 r - 2 potions of curing {unknown}
 s - a potion of mutation {unknown}


   Skills:
 + Level 3.9 Dodging
 + Level 3.1 Stealth
 * Level 5.0 Spellcasting
 * Level 5.0 Conjurations
 * Level 5.0 Hexes
 * Level 5.0 Summonings
 * Level 5.0 Necromancy
 * Level 5.0 Translocations
 * Level 5.0 Transmutations
 * Level 5.0 Fire Magic
 * Level 5.0 Ice Magic
 * Level 5.0 Air Magic
 * Level 5.0 Earth Magic
 * Level 5.0 Poison Magic


You knew the following spells:

 Your Spells              Type           Power      Damage    Failure   Level
a - Magic Dart            Conj           100%       1d8       1%          1
b - Slow                  Hex            100%       N/A       1%          1
c - Blink                 Tloc           60%        N/A       1%          2
d - Call Imp              Summ           60%        N/A       1%          2
e - Mephitic Cloud        Conj/Pois/Air  30%        N/A       3%          3
f - Foxfire               Conj/Fire      100%       2x1d9     1%          1
g - Momentum Strike       Conj/Tloc      60%        3d9       1%          2
h - Inner Flame           Hex/Fire       45%        N/A       3%          3
Your spell library was empty.

Dungeon Overview and Level Annotations

Branches:
Dungeon (4/15)
 Temple: D:4-7

Altars:
Okawaru
Wu Jian
Yredelemnul
Zin

Annotations:
D:4 Natasha, Pikel


Innate Abilities, Weirdness & Mutations

You are immune to sickness and miasma.
You are immune to poison.
Your flesh is very heat resistant. (rF++)
You are vulnerable to cold. (rC-)
You float through the air rather than walking.
You learn spells naturally, not from books.
Your magical power is your life essence.
You have superior vitality. (+4 MHP)


Message History

You blink.
* * * LOW HITPOINT WARNING * * *
There is an iron altar of Okawaru here.
You feel ready to blink again.
As you read the scroll labelled ROTASE XEOTWO, it crumbles to dust.
It is a scroll of identify.
i - 3 potions of haste You feel yourself speed up.
The lemure hits you.
* * * LOW HITPOINT WARNING * * *
The lemure attacks as it pursues you! The lemure hits you.
* * * LOW HITPOINT WARNING * * *
Natasha, Servant of Life and Death comes into view.
You lunge at Natasha.
You hit Natasha.
Natasha is heavily wounded.
Natasha casts a spell at you. The magic dart hits you.
* * * LOW HITPOINT WARNING * * *
You barely miss Natasha.
Natasha is heavily wounded.
Casting: Blink (safe; 1% risk of failure)
Confirm with . or Enter, or press ? or * to list all spells.
You blink.
* * * LOW HITPOINT WARNING * * *
Natasha casts a spell.
The lemure closely misses you.
Casting: Blink (safe; 1% risk of failure)
Confirm with . or Enter, or press ? or * to list all spells.
You are still too unstable to blink.
You lunge at the cerulean imp.
You closely miss the cerulean imp.
Casting: Blink (safe; 1% risk of failure)
Confirm with . or Enter, or press ? or * to list all spells.
You are still too unstable to blink.
The cerulean imp hits you but does no damage.
The lemure hits you.
* * * LOW HITPOINT WARNING * * *
The cerulean imp hits you but does no damage.
It was a potion of resistance.
You feel protected. The lemure hits you!
You die...

K####..........#
..######........
#........)######
.......##.# #.........#
#.........#
#...§.....##### #
#....§.......J#####.#####
#.†§≈§.≈≈5..#555@5h.....#
..≈§.§.≈..≈...#####.#...#
..§≈§§...≈≈...# # #
......_..)...##
..≈≈.....≈§.....
..≈.§≈.≈..≈..###
...§≈≈.≈≈...##
.......§...##
.#...###..##


You could see 3 lemures, Natasha, a cerulean imp (summoned) and an endoplasm.

Vanquished Creatures
  Menkaure (D:4)
  A black bear (D:4)
  A lemure (D:4)
  Jessica (D:2)
  An iguana (D:4)
  Natasha (D:4)
  4 adders
  4 worms
  2 dart slugs (D:1)
  An orc (D:4)
  5 ball pythons
  6 endoplasms
  A goblin (D:1)
  5 hobgoblins
  5 jackals (D:2)
  2 quokkas
  4 bats
  5 frilled lizards
  4 kobolds
  3 rats
57 creatures vanquished.

Vanquished Creatures (collateral kills)
  A scorpion (D:4)
  An adder (D:3)
  A rat (D:3)
3 creatures vanquished.

Vanquished Creatures (others)
  31 foxfires
31 creatures vanquished.

Grand Total: 91 creatures vanquished

Notes
Turn   | Place    | Note
-------+----------+-------------------------------------------
     0 | D:1      | MachoJfn the Djinni Hedge Wizard began the quest for the
                  | Orb.
     0 | D:1      | MachoJfn set off with the following spells memorised: Magic
                  | Dart, Slow, Blink, Call Imp, Mephitic Cloud.
     0 | D:1      | Reached XP level 1. HP: 15/15 MP: 0/0
    88 | D:1      | Found a faded altar of an unknown god.
   100 | D:1      | Prayed at the altar of an unknown god.
   100 | D:1      | Became a worshipper of the Wu Jian Council
   100 | D:1      | Reached * piety under Wu Jian
   329 | D:1      | Reached XP level 2. HP: 18/21 MP: 0/0
   686 | D:1      | Reached XP level 3. HP: 23/25 MP: 0/0
   686 | D:1      | Learned a level 1 spell: Foxfire
  1161 | D:2      | Reached ** piety under Wu Jian
  1294 | D:2      | Reached XP level 4. HP: 24/31 MP: 0/0
  1678 | D:2      | Noticed Jessica
  1684 | D:2      | Killed Jessica
  1914 | D:3      | Found a glowing silver altar of Zin.
  1929 | D:3      | Found a basalt altar of Yredelemnul.
  1991 | D:3      | Reached XP level 5. HP: 30/35 MP: 0/0
  1991 | D:3      | Learned a level 2 spell: Momentum Strike
  2173 | D:3      | Upgraded the game from 0.31-a0-981-geadf994542 to
                  | 0.31-a0-983-g7b6862f502
  2521 | D:4      | Found an iron altar of Okawaru.
  2527 | D:4      | Noticed a black bear
  2530 | D:4      | Killed a black bear
  2531 | D:4      | Reached XP level 6. HP: 37/40 MP: 0/0
  2676 | D:4      | Noticed Menkaure
  2688 | D:4      | Killed Menkaure
  2689 | D:4      | Reached skill level 5 in Spellcasting
  2689 | D:4      | Reached skill level 5 in Conjurations
  2689 | D:4      | Reached skill level 5 in Hexes
  2689 | D:4      | Reached skill level 5 in Summonings
  2689 | D:4      | Reached skill level 5 in Necromancy
  2689 | D:4      | Reached skill level 5 in Translocations
  2689 | D:4      | Reached skill level 5 in Transmutations
  2689 | D:4      | Reached skill level 5 in Fire Magic
  2689 | D:4      | Reached skill level 5 in Ice Magic
  2689 | D:4      | Reached skill level 5 in Air Magic
  2689 | D:4      | Reached skill level 5 in Earth Magic
  2689 | D:4      | Reached skill level 5 in Poison Magic
  2689 | D:4      | Reached XP level 7. HP: 20/45 MP: 0/0
  2689 | D:4      | Learned a level 3 spell: Inner Flame
  2808 | D:4      | Noticed Pikel
  2809 | D:4      | Noticed Natasha
  2825 | D:4      | Killed Natasha
  2848 | D:4      | Noticed Natasha
  2856 | D:4      | Slain by a lemure

Illustrated notes

Levels and vault maps discovered:
D:1:      amcnicky_arrival_double_pillar, layout_loops_ring,
          ebering_ecumenical_altar_box, serial_bayou_crossing
D:2:      layout_loops_corners, minmay_stone_trees_medium,
          hangedman_abyss_or_decor_stabs, minmay_pentomino_w2, uniq_jessica
D:3:      layout_loops_ring, zin_scriptorium, general_overflow_altar
D:4:      minmay_evil_eye, layout_rooms, mainiacjoe_overflow_small_starburst,
          kennysheep_mini, uniq_pikel, uniq_natasha, uniq_menkaure

Skill      XL: |  1  2  3  4  5  6 |
---------------+-------------------+-----
Spellcasting   | 3 4 5 |  5.0
Conjurations   | 3 4 5 |  5.0
Hexes          | 3 4 5 |  5.0
Summonings     | 3 4 5 |  5.0
Necromancy     | 3 4 5 |  5.0
Translocations | 3 4 5 |  5.0
Transmutations | 3 4 5 |  5.0
Fire Magic     | 3 4 5 |  5.0
Ice Magic      | 3 4 5 |  5.0
Air Magic      | 3 4 5 |  5.0
Earth Magic    | 3 4 5 |  5.0
Poison Magic   | 3 4 5 |  5.0
Stealth        | 2 3 |  3.1
Dodging        | 3 |  3.9

Action                     |  1- 3 |  4- 6 |  7- 9 || total
---------------------------+-------+-------+-------++-------
  Melee: Dagger            |     3 |       |     3 ||     6
   Cast: Magic Dart        |    55 |    51 |    10 ||   116
         Slow              |     2 |       |       ||     2
         Blink             |     1 |     1 |     3 ||     5
         Foxfire           |    13 |     7 |       ||    20
         Call Imp          |       |     8 |     1 ||     9
         Momentum Strike   |       |     6 |     1 ||     7
         Mephitic Cloud    |       |       |     1 ||     1
         Inner Flame       |       |       |     1 ||     1
Ability: Wall Jump         |     1 |       |       ||     1
         Lunge             |       |       |     2 ||     2
    Use: Potion            |       |       |     2 ||     2
         Scroll            |       |       |     1 ||     1
 Armour: Robe              |     8 |     5 |    15 ||    28
  Dodge: Dodged            |    10 |    13 |     7 ||    30

Table legend: (Time is in decaauts)
 A = Elapsed time spent in this place.
 B = Non-inter-level travel time spent in this place.
 C = Inter-level travel time spent in this place.
 D = Time resting spent in this place.
 E = Time spent auto-exploring this place.
 F = Levels seen in this place.
 G = Mean time per level.
                   A        B        C        D        E       F      G
               +--------+--------+--------+--------+--------+-----+--------+
         Total |   2850 |   2739 |    111 |    294 |   2008 |   4 |  712.5 |
       Dungeon |   2850 |   2739 |    111 |    294 |   2008 |   4 |  712.5 |
               +--------+--------+--------+--------+--------+-----+--------+

Top non-repeatable levels by time:
     D:2: 1076 daAuts
     D:1: 743 daAuts
     D:3: 642 daAuts
     D:4: 387 daAuts
